[Event "MČR v bleskovém šachu družstev 2019"]
[Site "Teplice, Czech Republic"]
[Date "2019.09.14"]
[Round "9.2"]
[White "Polak, Tomas"]
[Black "Zeman, Matyas"]
[Result "1-0"]
[TimeControl "3 mim. + 2 s"]
[WhiteTitle "GM"]
[WhiteFideId "300560"]
[BlackFideId "364398"]
[WhiteElo "2510"]
[BlackElo "2094"]

1. d4 e6 2. c4 f5 3.
Nc3 Nf6 4. g3 Be7 5. Bg2 d5 6.
Bf4 c6 7. Nf3 O-O 8. O-O Nbd7 9. Rc1 Ne4 10. Rc2 Nxc3 11. Rxc3 g5 12. Bc1 b6 13. cxd5 cxd5 14. a3 Ba6 15.
Qc2 Rc8 16. Re1 Rxc3 17. Qxc3 g4 18. Nd2 Nf6 19. Nf1 Qc8 20. Qe3 Ne4 21. f3 Bg5 22. f4 Bf6 23. Bd2 Qc2 24. Bxe4 dxe4 25. Bc3 Rd8 26. Rc1 Qxe2 27.
Qxe2 Bxe2 28. Ne3 Bxd4 29. Bxd4 Rxd4 30. Rc2 Bf3 31. Kf2 Kf7 32.
Nc4 Rd1 33. Ne5+ Ke7 34. Rc7+ Kd6 35. Rxa7 Rd2+ 36. Ke3 Rxh2 37. b4 Re2+ 38. Kd4 Rd2+ 39. Kc3 Rd3+ 40. Nxd3 exd3 41. Kxd3 e5 42. fxe5+ Kxe5 43. Re7+ Kd5 44. Rxh7 f4 45. Rh5+ Kc6 46. gxf4 g3 47. Rg5 g2 48. a4 1-0

[Event "MČR v bleskovém šachu družstev 2019"]
[Site "Teplice, Czech Republic"]
[Date "2019.09.14"]
[Round "9.3"]
[White "Svanda, Ondrej"]
[Black "Stocek, Jiri"]
[Result "1/2-1/2"]
[TimeControl "3 mim. + 2 s"]
[WhiteTitle "FM"]
[BlackTitle "GM"]
[WhiteFideId "359670"]
[BlackFideId "304760"]
[WhiteElo "1924"]
[BlackElo "2505"]

1. e4 e6 2. d4 d5 3.
Nc3 Bb4 4. e5 c5 5. Bd2 Ne7 6.
Nb5 Bxd2+ 7. Qxd2 O-O 8. f4 Bd7 9. Nd6 cxd4 10. Nf3 Nbc6 11. Bd3 f5 12. O-O Nc8 13. Nxc8 Rxc8 14. Qf2 Qb6 15.
b3 h6 16. a4 Be8 17. a5 Qc5 18. a6 bxa6 19. Bxa6 Rc7 20. Rfd1 Bh5 21. c4 Nb4 22. Bb5 Bxf3 23. gxf3 Ra8 24.
Rac1 a6 25. Ba4 Rac8 26. Qxd4 Qxd4+ 27. Rxd4 Rc5 28. Kg2 Ra5 29. Bd7 Rc7 30. Bxe6+ Kf8 31. Bxf5 Ke7 32. Kg3 Rac5 33. Bb1 dxc4 34. Rdxc4 Rxc4 35.
Rxc4 Rxc4 36. bxc4 a5 37.
f5 a4 38. c5 a3 39. Kf4 Nd3+ 40.
Ke3 Nxc5 41. Ba2 Na4 42. Kd3 Nb6 43. Kd4 Nd7 44. f4 Nb8 45. Kc5 Na6+ 46. Kb5 Nb8 47. Kb4 Nc6+ 48. Kxa3 Nd4 49. Bb1 Ne2 50. Kb4 Nxf4 51. Kc3 1/2-1/2

[Event "MČR v bleskovém šachu družstev 2019"]
[Site "Teplice, Czech Republic"]
[Date "2019.09.14"]
[Round "9.4"]
[White "Vymazal, Bronislav"]
[Black "Skacelik, Petr"]
[Result "1-0"]
[TimeControl "3 mim. + 2 s"]
[WhiteFideId "318396"]
[BlackFideId "307904"]
[WhiteElo "2309"]
[BlackElo "2078"]

1. g3 g6 2. Bg2 Bg7 3. f4 c5 4. Nf3 Nc6 5. d3 d6 6. O-O Nf6 7. e4 O-O 8. c4 e6 9. Nc3 a6 10. h3 Nd4 11. Nxd4 cxd4 12. Ne2 e5 13. g4 Nd7 14. f5 Rb8 15.
g5 f6 16. h4 b5 17. b3 bxc4 18.
bxc4 Nc5 19. Ng3 Bd7 20. Bh3 Qe7 21.
Qf3 Rf7 22. Rf2 Rbf8 23. Bd2 Kh8 24. Raf1 Ba4 25. Bc1 Qb7 26. Rh2 Qb1 27. gxf6 Bxf6 28. Bh6 Rg8 29. Rxb1 1-0

[Event "MČR v bleskovém šachu družstev 2019"]
[Site "Teplice, Czech Republic"]
[Date "2019.09.14"]
[Round "9.5"]
[White "Bernasek, Jan"]
[Black "Jirovsky, Milos"]
[Result "1-0"]
[TimeControl "3 mim. + 2 s"]
[WhiteTitle "GM"]
[BlackTitle "GM"]
[WhiteFideId "311995"]
[BlackFideId "303224"]
[WhiteElo "2526"]
[BlackElo "2499"]

1. d4 d5 2. c4 e6 3. Nc3 Nf6 4. cxd5 exd5 5. Bg5 c6 6. Qc2 Na6 7. a3 Nc7 8. e3 Be7 9. Bd3 Ne6 10. Bh4 g6 11. Nf3 Ng7 12. Ne5 Bf5 13. O-O O-O 14. b4 Rc8 15.
Qe2 Re8 16. Rab1 Nd7 17. Bg3 Bf6 18. f4 Bxd3 19. Qxd3 Nf5 20. Bf2 b5 21. Ne2 Nb6 22. g4 Nd6 23. Ng3 Bg7 24. Rbe1 f6 25.
Nf3 Nbc4 26. g5 Ne4 27. gxf6 Bxf6 28. Ne5 Ncd2 29. Nxe4 Nxe4 30.
Bg3 Rf8 31. Rc1 Bxe5 32. dxe5 Qd7 33. Qd4 Qh3 34. Rf3 Rf5 35. Rxc6 Rd8 36. Rc2 Rh5 37. Rg2 Qg4 38. Rf1 Qe6 39.
Qxa7 Rc8 40. a4 bxa4 41. Qxa4
Rb8 42. Qb3 Kg7 43. Rd1 Qb6 44. Rd4 Qb5 45. Qxd5
Qxd5 46. Rxd5 Rxb4 47. Rc2 Rb3 48. Rd7+ Kh6 49. Rcc7 Rb1+ 50. Kg2 Rb2+ 51. Kf3 Nd2+ 52. Ke2 Nc4+ 53. Kd3 Rd2+ 54. Kxc4 1-0

[Event "MČR v bleskovém šachu družstev 2019"]
[Site "Teplice, Czech Republic"]
[Date "2019.09.14"]
[Round "9.6"]
[White "Sokolov, Alexander"]
[Black "Cernousek, Lukas"]
[Result "1/2-1/2"]
[TimeControl "3 mim. + 2 s"]
[WhiteTitle "FM"]
[BlackTitle "IM"]
[WhiteFideId "4119177"]
[BlackFideId "311707"]
[WhiteElo "2417"]
[BlackElo "2473"]

1. e4 e6 2. d4 d5 3. Nd2 Nc6 4. Ngf3 Nf6 5. e5 Nd7 6. Be2 Be7 7. O-O O-O 8. c3 f6 9. exf6 Bxf6 10. Bd3 e5 11. dxe5 Ncxe5 12. Be2 c6 13. Nd4 Nc5 14. N2f3 Ne4 15.
h3 Ng6 16. Bd3 c5 17. Nc2 Bf5 18. Ne3 Be6 19. c4 Ng5 20. Nxg5 Bxg5 21. Bxg6 hxg6 22. Nxd5 Bxc1 23. Rxc1 Bxd5 24. Qxd5+ Qxd5 25. cxd5 b6 26. Rfe1 Rad8 27. Rcd1 Rf5 28. Re7 Rfxd5 29. Rxd5 Rxd5 30. Rxa7 Rd1+ 31. Kh2 Rd2 32.
b3 Rxf2 1/2-1/2

[Event "MČR v bleskovém šachu družstev 2019"]
[Site "Teplice, Czech Republic"]
[Date "2019.09.14"]
[Round "9.7"]
[White "Vrbata, Zbynek"]
[Black "Dolezal, Radoslav"]
[Result "1/2-1/2"]
[TimeControl "3 mim. + 2 s"]
[WhiteTitle "FM"]
[BlackTitle "IM"]
[WhiteFideId "301256"]
[BlackFideId "304735"]
[WhiteElo "2324"]
[BlackElo "2359"]

1. d4 Nf6 2. c4 e6 3. Nc3 Bb4 4. Nf3 O-O 5. g3 d6 6. Qc2 Nc6 7. Bg2 e5 8. dxe5 dxe5 9. O-O Bxc3 10.
Qxc3 Qe7 11. b3 a5 12. Bb2 Re8 13. Rfd1 Bg4 14. h3 Bh5 15. Qe3 Bg6 16. Nh4 Nb4 17. Nxg6 hxg6 18. Qc3 Rab8 19. e3 Qc5 20. a3 Nc6 21. Rd2 Rbd8 22. Rad1 Rxd2 23. Rxd2 Kh7 24. Qc2 Re7 25. Qc3 Re8 26. Kf1 Re7 27. Qc2 Ne8 28. Kg1 1/2-1/2

[Event "MČR v bleskovém šachu družstev 2019"]
[Site "Teplice, Czech Republic"]
[Date "2019.09.14"]
[Round "9.8"]
[White "Postupa, Pavel"]
[Black "Kuba, Jindrich"]
[Result "0-1"]
[TimeControl "3 mim. + 2 s"]
[BlackTitle "FM"]
[WhiteFideId "326410"]
[BlackFideId "318248"]
[WhiteElo "2184"]
[BlackElo "2223"]

1. e4 c5 2. Nf3 e6 3. g3 Nc6 4. Bg2 Qc7 5. O-O Nf6 6. Qe2 d6 7. Rd1 Nd4 8. Nxd4 cxd4 9. c3 dxc3 10. Nxc3 Be7 11. d4 a6 12. Bf4 Nd7 13. Rac1 Qb6 14.
Be3 Qa5 15. a3 O-O 16. Bd2 Qd8 17. b4 b5 18. e5 d5 19. h4 Nb6 20. Qg4 f5 21. exf6 Bxf6 22. Be3 Nc4 23. a4 Rb8 24.
axb5 axb5 25. Qe2 Kh8 26. Bf4 Rb7 27.
Ra1 Bxh4 28. Ra8 Bf6 29. Bf1 Qe7 30. Rb1 Bxd4 31. Nxd5 Qf7 32. Ne3 e5 33. Nxc4 bxc4 34. Be3 c3 35.
Bg2 Rc7 36. b5 Bb7 37. Rxf8+ Qxf8 38. Bxd4 exd4 39. Qe5 Qd8 40. Bc6 Bxc6 41. bxc6 Rxc6 42. Rb8 Rc8 43. Rb7 Qf8 44. Qe1 c2 45. Qc1 d3 46. Rd7 Qf3 0-1

[Event "MČR v bleskovém šachu družstev 2019"]
[Site "Teplice, Czech Republic"]
[Date "2019.09.14"]
[Round "9.9"]
[White "Rubes, Jan"]
[Black "Vykouk, Jan"]
[Result "1/2-1/2"]
[TimeControl "3 mim. + 2 s"]
[WhiteTitle "FM"]
[BlackTitle "IM"]
[WhiteFideId "338176"]
[WhiteElo "2316"]
[BlackElo "2439"]

1. Nf3 Nf6 2. g3 g6 3. b3 Bg7 4. Bb2 O-O 5.
Bg2 c5 6. c4 d6 7. d4 Qa5+ 8. Nc3 Ne4 9. Rc1 Nc6 10. O-O Nxc3 11. Bxc3 Qd8 12. e3 Bg4 13. h3 Bxf3 14. Bxf3 cxd4 15. exd4 e6 16. Bg2 d5 17. cxd5 exd5 18. Qf3 Bxd4 19. Qxd5 Bxc3 20. Rxc3 Qf6 21. Rf3 Qe7 22. Re3 Qf6 23. Qd7 Nb4 24. Qxb7 Nxa2 25. Qxa8 Rxa8 26. Bxa8 Nb4 27. Be4 Kg7 28. Rd1 a5 29. Kg2 Qe6 30. Rd8 f5 31. Bf3 Qf6 32.
Rd7+ Kh6 33. Ree7 Qh8 34.
Ra7 Nc2 35. Rxa5 Qc3 36.
Raa7 Ne1+ 37. Rxe1 Qxe1
38. h4 Qb4 39. Rb7 Qd4 40. b4 g5 41. hxg5+ Kxg5 42. b5 h5 43. Rh7 Qb4 44. Rxh5+ Kf6 45. Rh6+ Kg5 46. Rh5+ Kg6 47. Rh4 Qxb5 48. Rf4 Kg5 49. Rh4 Qe5 50. Rf4 Qa5 51. Rh4 1/2-1/2

[Event "MČR v bleskovém šachu družstev 2019"]
[Site "Teplice, Czech Republic"]
[Date "2019.09.14"]
[Round "9.10"]
[White "Studnicka, Tomas"]
[Black "Hadraba, Vladimir"]
[Result "1/2-1/2"]
[TimeControl "3 mim. + 2 s"]
[WhiteTitle "IM"]
[BlackFideId "301663"]
[WhiteElo "2215"]
[BlackElo "2095"]

1. d4 Nf6 2. c4 g6 3.
Nc3 Bg7 4. e4 d6 5. Be2 O-O 6. Bg5 c6 7. Nf3 Nbd7 8.
Qd2 e5 9. d5 Nc5 10. dxc6 bxc6 11. O-O Qc7 12. Bxf6 Bxf6 13. Rfd1 Be7 14. b4 Ne6 15. b5 c5 16. Nd5 Qd8 17.
Nxe7+ Qxe7 18. Qxd6 Qxd6 19. Rxd6 f6 20. a4 Kf7 21. a5 Ke7 22. Rd5 Bb7 23. Nd2 Bxd5 24. exd5 Nd4 25. Bf1 f5 26. Re1 Kd6 27. f3 Rae8 28.
Bd3 1/2-1/2

[Event "MČR v bleskovém šachu družstev 2019"]
[Site "Teplice, Czech Republic"]
[Date "2019.09.14"]
[Round "9.11"]
[White "Kral, David"]
[Black "Cech, Pavel"]
[Result "1/2-1/2"]
[TimeControl "3 mim. + 2 s"]
[BlackTitle "IM"]
[WhiteFideId "326097"]
[WhiteElo "2028"]
[BlackElo "2387"]

1. d4 d5 2. c4 c6 3.
Nc3 Nf6 4. Bg5 Ne4 5. Bh4 Qa5 6.
Qb3 e6 7. f3 Nxc3 8. bxc3 c5 9. Qb5+ Qxb5 10. cxb5 cxd4 11. cxd4 Bb4+ 12. Kf2 Nd7 13. e4 Nb6 14. Ke3 Bd7 15. a4 Rc8 16.
Bd3 Bc3 17. Ra2 Nc4+ 18. Bxc4 Rxc4 19. Ne2 Ba5 20. Rc1 O-O 21. Rxc4 dxc4 22. Rc2 Rc8 23. Nc3 a6 24. Be1 axb5 25. axb5 Bxc3 26. Bxc3 Bxb5 27.
Rb2 Ba6 28. g4 f6 29. h4 Kf7 30. h5 Rd8 31. Rb6 Rd7 32.
f4 Rd8 33. e5 Rd5 34. Ke4 Rb5 35. Rxb5 Bxb5 36. f5 Bc6+ 37. Kf4 h6 38. Bb4 b5 39. Bc3 Bg2 40. Ke3 Bf1 41. Kf4 Be2 42. Bb4 fxe5+ 43. dxe5 Bd3 44. Bc3 Bc2 45. Ke4 1/2-1/2

[Event "MČR v bleskovém šachu družstev 2019"]
[Site "Teplice, Czech Republic"]
[Date "2019.09.14"]
[Round "9.12"]
[White "Sodoma, Jan"]
[Black "Krutsky, Martin"]
[Result "0-1"]
[TimeControl "3 mim. + 2 s"]
[WhiteTitle "IM"]
[BlackFideId "361526"]
[WhiteElo "2193"]
[BlackElo "1974"]

1. Nf3 Nf6 2. c4 g6 3. b3 Bg7 4. Bb2 O-O 5. g3 d6 6. d4 c6 7. Bg2 a6 8. O-O b5 9. Re1 Bb7 10. e4 Qc7 11. e5 dxe5 12.
dxe5 Ng4 13. Qc2 e6 14. Nbd2 Nd7 15. Qe4 Nh6 16. g4 Rfd8 17. Rad1 Nc5 18. Qc2 Nd3 19. Re4 c5 20. cxb5 Bxe4 21.
Nxe4 Nxb2 22. Rxd8+ Rxd8 23. Qxb2 Nxg4 24. bxa6 Nxe5 25. Nxe5 Bxe5 26. Qe2 Bxh2+ 27. Kh1 Bf4 28. Bf3 Rd4 29. Qb5 Kg7 30. a4 Qe5 31.
Kg2 Rxe4 32. Qd3 Rd4 33. Qb5 Qg5+ 34.
Kf1 Qh4 35. a7 Qd8 36. a8=Q Rd1+ 37.
Kg2 Qg5+ 38. Kh3 Rg1 39. Qf8+ Kxf8 0-1

[Event "MČR v bleskovém šachu družstev 2019"]
[Site "Teplice, Czech Republic"]
[Date "2019.09.14"]
[Round "9.13"]
[White "Formanek, Martin"]
[Black "Liska, Jiri"]
[Result "1-0"]
[TimeControl "3 mim. + 2 s"]
[BlackTitle "FM"]
[WhiteFideId "316768"]
[WhiteElo "2230"]
[BlackElo "2241"]

1. e4 c5 2. Nf3 Nc6 3. Bb5 g6 4. O-O Bg7 5. Re1 Qc7 6. c3 a6 7. Bxc6 Qxc6 8. d4 d5 9. e5 Nh6 10. dxc5 Qxc5 11. Be3 Qc6 12. Nd4 Qc7 13.
e6 f6 14. Bxh6 Bxh6 15. Qb3 Qd6 16. Qa4+ Kf8 17. Na3 Bf4 18. g3 Be5 19. Nac2 Kg7 20. f4 Bxd4+ 21. Nxd4 Rb8 22. Qd1 b5 23. a3 Rb6 24. Re3 Qc5 25.
Qe1 Rd8 26. Kg2 Rdd6 27. Qe2 a5 28. b4 axb4 29. axb4 Qc4 30. Qg4 Ra6 31. Nf5+ Kf8 32. Nxd6 Rxa1 33. Nxc4 1-0

[Event "MČR v bleskovém šachu družstev 2019"]
[Site "Teplice, Czech Republic"]
[Date "2019.09.14"]
[Round "9.15"]
[White "Chmel, Kristian"]
[Black "Marsalek, Zdenek"]
[Result "1-0"]
[TimeControl "3 mim. + 2 s"]
[WhiteFideId "344281"]
[WhiteElo "2097"]
[BlackElo "2272"]

1. e4 d6 2. d4 Nf6 3. Nc3 e5 4. Nf3 Nbd7 5. Bc4 Be7 6. O-O O-O 7. Re1 c6 8. a4 b6 9. d5 cxd5 10. Nxd5 Nxd5 11. Bxd5 Rb8 12. b3 a6 13. h3 Nf6 14. c4 Nxd5 15. Qxd5 b5 16. axb5 axb5 17. Ra7 Be6 18. Qd3 bxc4 19. bxc4 Rc8 20. Nd2 Rc7 21. Rxc7 Qxc7 22. Ba3 h6 23. Rc1 Rd8 24. Rc2 Ra8 25. Nf1 Ra6 26. Ne3 Qa7 27. Bb4 Qb6 28. Bc3 Ra3 29. Qd2 Qb1+ 30. Kh2 Bg5 31. g3 Bxe3 32. fxe3 Bxc4 33. Rb2 Qf1 34. Bb4 Ra1 35. Qg2 Qc1 36. Bxd6 Bf1 37. Qf2 Bd3 38. Rb8+ Kh7 39. Qf5+ 1-0

[Event "MČR v bleskovém šachu družstev 2019"]
[Site "Teplice, Czech Republic"]
[Date "2019.09.14"]
[Round "9.16"]
[White "Duran, Tomas"]
[Black "Routner, Jakub"]
[Result "0-1"]
[TimeControl "3 mim. + 2 s"]
[BlackFideId "322245"]
[WhiteElo "2135"]
[BlackElo "2138"]

1. e4 c5 2. Nf3 e6 3. c3 d5 4. e5 Nc6 5. d4 cxd4 6.
cxd4 Nge7 7. Bd3 Qb6 8. O-O Bd7 9.
Nc3 Nxd4 10. Nxd4 Qxd4 11. Nb5 Qxe5 12. Re1 Qb8 13. Qf3 Bxb5 14. Bxb5+ Nc6 15. Qxd5 Qd6 16. Qe4 Rc8 17. Bf4 Qb4 18. Rac1 Qxb5 19. b3 Be7 20. Rc3 O-O 21. Rh3 Qf5 22.
Qa4 Bb4 23. Rf1 Qxf4 24. Rf3 Qd2 25. a3 Be7 26. Qg4 Rfd8 27. Qh5 Bf6 28. Rh3 Qc2 29. g3 Nd4 30. Re1 Qd3 31. Kg2 Rc3 32. Re3 Qg6 33. Rxc3 Qxh5 34. Rxh5 g6 35. Rhc5 Kg7 36. Rc7 Rb8 37.
R3c4 Nc6 38. b4 Be5 39. Rd7 Bb2 40. Rc2 Bxa3 41. b5 Ne5 42. Rcc7 Nxd7 43. Rxd7 a6 44. b6 Bc5 45.
f4 Bxb6 46. Kf3 Bc5 47. Ke4 b5 48. Kd3 a5 49. Kc3 a4 50. Rc7 b4+ 51. Kb2 Bf8 52. Rc4 Ra8 53. Ka2 b3+ 54. Ka1 a3 55. Rc3 Rb8 56.
Kb1 a2+ 57. Kb2 Be7 58. Rc7 Bf6+ 0-1

[Event "MČR v bleskovém šachu družstev 2019"]
[Site "Teplice, Czech Republic"]
[Date "2019.09.14"]
[Round "9.18"]
[White "Lorenc, Tomas"]
[Black "Sorm, Daniel"]
[Result "0-1"]
[TimeControl "3 mim. + 2 s"]
[BlackTitle "FM"]
[WhiteFideId "313203"]
[BlackFideId "5400139"]
[WhiteElo "2094"]
[BlackElo "2310"]

1. c4 e6 2. g3 d5 3. Bg2 d4 4. d3 c5 5. Nf3 Nc6 6. O-O Nf6 7. Nbd2 Bd6 8. a3 a5 9. Rb1 O-O 10.
Ng5 e5 11. Nge4 Nxe4 12. Nxe4 Be7 13. h4 h6 14. Nd2 Bg4 15. Kh2 f5 16. Bd5+ Kh8 17. Nf3 e4 18. Bxc6 bxc6 19. Ne5 Bd6 20.
Bf4 Bxe5 21. Bxe5 Qe7 22. Bf4 g5 23. hxg5 hxg5 24. Bd2 Qh7+ 25. Kg1 f4 26. f3 fxg3 0-1

[Event "MČR v bleskovém šachu družstev 2019"]
[Site "Teplice, Czech Republic"]
[Date "2019.09.14"]
[Round "9.19"]
[White "Strasil, Pavel"]
[Black "Srba, Stanislav"]
[Result "1-0"]
[TimeControl "3 mim. + 2 s"]
[WhiteFideId "308013"]
[BlackFideId "364720"]
[WhiteElo "2026"]
[BlackElo "1883"]

1. d4 f5 2. g3 Nf6 3. Bg2 g6 4. Nc3 Bg7 5. e4 d6 6. Nge2 O-O 7. e5 dxe5 8. dxe5 Qxd1+ 9. Nxd1 Ng4 10. f4 Rd8 11. Ne3 Nxe3 12. Bxe3 Na6 13. c3 c6 14. Kf2 Be6 15. Nd4 Bd5 16.
Bxd5+ Rxd5 17. Nb3 Rad8 18. Ke2 g5 19. Rhd1 Nc7 20. c4 Rxd1 21. Rxd1 Rxd1 22. Kxd1 a6 23. Na5 b5 24. Nxc6 Kf7 25. cxb5 axb5 26. Nb4 Ke6 27.
Kd2 gxf4 28. gxf4 Bh6 29. Nc6 Kd5 30. Nxe7+ Ke4 31. Ng8 Bxf4 32. Bxf4 Kxf4 33. Nf6 Kxe5 34. Nxh7 Nd5 35. b3 f4 36. Ke1 Ke4 37.
Ng5+ Ke3 38. a4 Nc3 39.
a5 Nd5 40. a6 f3 41. Nxf3 Kxf3 42. a7 Nc7 43. Kd2 Kg4 44. Kc3 Kh3 45.
Kb4 Kxh2 46. Ka5 Kg3 47. Kb6 Nd5+ 48. Kc6 1-0

[Event "MČR v bleskovém šachu družstev 2019"]
[Site "Teplice, Czech Republic"]
[Date "2019.09.14"]
[Round "9.21"]
[White "Bach, Markus"]
[Black "Bujak, Michal"]
[Result "1-0"]
[TimeControl "3 mim. + 2 s"]
[WhiteFideId "24603376"]
[BlackFideId "316318"]
[WhiteElo "2259"]
[BlackElo "2120"]

1. d4 Nf6 2. Nf3 c5 3.
g3 cxd4 4. Nxd4 e5 5. Nf3 Nc6 6. c4 d5 7. cxd5 Qxd5 8. Qxd5 Nxd5 9. Bg2 Ndb4 10. Na3 e4 11. Ng5 f5 12. O-O Nd4 13. e3 Ne2+ 14. Kh1 Nxc1 15. Raxc1 Nd3 16. Rc7 h6 17. Nf7 Rg8 18. Nc4 Be6 19. Ncd6+ Bxd6 20. Nxd6+ Kd8 21.
Rxb7 Bd5 22. Rb5 Bc6 23. Rxf5 Kd7 24. Nxe4 Rgf8 25. Rxf8 Rxf8 26. Rd1 1-0

[Event "MČR v bleskovém šachu družstev 2019"]
[Site "Teplice, Czech Republic"]
[Date "2019.09.14"]
[Round "9.22"]
[White "Sott, Pavel"]
[Black "Buchcar, Tomas"]
[Result "0-1"]
[TimeControl "3 mim. + 2 s"]
[WhiteFideId "311910"]
[BlackFideId "328421"]
[WhiteElo "2167"]
[BlackElo "2145"]

1. e4 c6 2. Nc3 d5 3.
Nf3 dxe4 4. Nxe4 Nd7 5. Bc4 Ndf6 6. Nxf6+ Nxf6 7. O-O e6 8.
d4 Be7 9. c3 O-O 10. Re1 a6 11.
Ne5 c5 12. dxc5 Bxc5 13. Qxd8 Rxd8 14. Bg5 b5 15. Bb3 Bb7 16. Rad1 Be7 17. Be3 Nd5 18. Bd4 Bf6 19. Nf3 Bxd4 20.
Rxd4 Nf6 21. Red1 Rxd4 22. Nxd4 Kf8 23. f3 Ke7 24. Kf2 Rd8 25. Ke2 g6 26. g3 e5 27. Nc2 Bxf3+ 28. Kxf3 Rxd1 29. Nb4 Rd6 30. g4 a5 31.
g5 axb4 32. gxf6+ Kxf6 33. cxb4 Rd3+ 34. Ke4 Rxb3 35. axb3 Ke6 0-1

[Event "MČR v bleskovém šachu družstev 2019"]
[Site "Teplice, Czech Republic"]
[Date "2019.09.14"]
[Round "9.23"]
[White "Tresnak, Filip"]
[Black "Kupka, Frantisek"]
[Result "1-0"]
[TimeControl "3 mim. + 2 s"]
[WhiteFideId "333905"]
[BlackFideId "309540"]
[WhiteElo "1931"]
[BlackElo "2034"]

1. e4 d6 2. d4 Nf6 3. Nc3 e5 4. Nge2 Be7 5. g3 O-O 6. Bg2 c6 7. O-O a6 8. a4 b6 9. h3 c5 10.
d5 Nbd7 11. Be3 Ne8 12. Nb1 Nc7 13. c4 b5 14. axb5 axb5 15. Rxa8 Nxa8 16. cxb5 Qa5 17. Na3 Nc7 18. Nc3 Re8 19.
Qe2 Nb6 20. Bd2 Bd7 21. Ra1 Qa8 22. Ra2 Qb7 23. f4 exf4 24. gxf4 Bf6 25. Qd3 g6 26. Ra1 Qb8 27. Re1 h5 28.
Nd1 Qa7 29. Bc3 c4 30. Qd2 Nbxd5+ 31. Kh2 Nxc3 32. Nxc3 Qc5 33. e5 Bh4 34. Rd1 d5 35. Nxd5 Nxd5 36. Qxd5 Qxd5 37. Rxd5 Be6 38. Rc5 Be7 39.
Rxc4 Bxc4 40. Nxc4 Rb8 41. Bc6 Kf8 42. Kg3 Bc5 43. Kf3 Ke7 44. Ke4 f6 45. Kd5 Bb4 46. e6 g5 47. fxg5 fxg5 48. Ne5 Rd8+ 49. Bd7 Kf8 50. Nc6 Ra8 51. Nxb4 g4 52.
hxg4 hxg4 53. e7+ Kxe7 54. Bxg4 Kf6 55. Kc6 Kg5 56. Be2 Kf4 57. b6 Ke3 58. b7 Rb8 59. Bb5 Kd2 60. b3 Kc3 61. Bc4 Kxb4 62. Kc7 Rh8 63. b8=Q+ Rxb8 64. Kxb8 Kc5 65. Kb7 Kb4 66. Kb6 Kc3 67.
Kb5 Kd4 68. b4 Ke5 69. Kc6 1-0

[Event "MČR v bleskovém šachu družstev 2019"]
[Site "Teplice, Czech Republic"]
[Date "2019.09.14"]
[Round "9.24"]
[White "Janocko, Petr"]
[Black "Prudek, Jiri"]
[Result "1-0"]
[TimeControl "3 mim. + 2 s"]
[WhiteFideId "320099"]
[BlackFideId "327310"]
[WhiteElo "2067"]
[BlackElo "1962"]

1. d4 Nf6 2. c4 e6 3. Nf3 b6 4. g3 Ba6 5. Qc2 b5 6. Bg2 bxc4 7. Ne5 c6 8. Nxc4 d5 9. Ne5 Bb7 10.
O-O Nfd7 11. Bf4 f6 12. Nd3 g5 13. Bd2 Qb6 14. Bc3 h5 15. e4 h4 16. exd5 cxd5 17. a4 a5 18. Re1 Kf7 19.
Na3 Na6 20. Nb5 Rc8 21. Qe2 hxg3 22. hxg3 Nb4 23. Rad1 Nxd3 24. Rxd3 Ba6 25. Re3 Re8 26. Bxd5 Bb4 27. Rxe6 Rxe6 28.
Bxe6+ Ke7 1-0

[Event "MČR v bleskovém šachu družstev 2019"]
[Site "Teplice, Czech Republic"]
[Date "2019.09.14"]
[Round "9.25"]
[White "Trepka, Jan"]
[Black "Soural, Jan"]
[Result "1/2-1/2"]
[TimeControl "3 mim. + 2 s"]
[WhiteFideId "322814"]
[BlackFideId "311928"]
[WhiteElo "2186"]
[BlackElo "2107"]

1. d4 Nf6 2. c4 g6 3. Nc3 d5 4.
cxd5 Nxd5 5. Na4 Nb6 6.
e4 Bg7 7. Be3 O-O 8. Nf3 Bg4 9. Nc5 Qc8 10. Be2 N8d7 11. Qc2 Nxc5 12. dxc5 Nd7 13. Rc1 c6 14. O-O Qc7 15. b4 Rfd8 16.
Rfd1 Nf8 17. Nd4 Bxe2 18. Nxe2 e5 19. Qc4 Ne6 20. a4 Rxd1+ 21. Rxd1 Rd8 22. Rd3 a6 23. g3 Rd7 24. f4 Qd8 25. Rxd7 Qxd7 26. Kf2 Nd4 27. fxe5 Nxe2 28. e6 Qxe6 29. Qxe6 fxe6 30. Kxe2 Kf7 31. Kd3 Bb2 32. Bg5 h5 33. h3 e5 34.
Kc4 Ke6 35. g4 hxg4 36. hxg4 Bd4 37. Bd8 Bf2 38. Bg5 Bg3 39. Bd8 Bf4 40. Bh4 Bh6 41. Bd8 Bg7 42. Bh4 Bf6 43. Bf2 Bg5 44.
b5 axb5+ 45. axb5 Kd7 1/2-1/2

[Event "MČR v bleskovém šachu družstev 2019"]
[Site "Teplice, Czech Republic"]
[Date "2019.09.14"]
[Round "9.26"]
[White "Vokoun, Jan"]
[Black "Ruzicka, Ales"]
[Result "1/2-1/2"]
[TimeControl "3 mim. + 2 s"]
[WhiteTitle "FM"]
[WhiteFideId "301647"]
[BlackFideId "325252"]
[WhiteElo "2123"]
[BlackElo "2102"]

1. Nf3 Nf6 2. c4 d6 3. d4 g6 4. Nc3 Bg7 5. g3 O-O 6. Bg2 Nbd7 7. O-O Re8 8. Qc2 e5 9. a4 a6 10. a5 exd4 11. Nxd4 Ne5 12. b3 Rb8 13. Rd1 Bd7 14. Ba3 Nc6 15. Nxc6 Bxc6 16. Rac1 Bxg2 17. Kxg2 Qe7 18. e3 Ne4 19. Nxe4 Qxe4+ 20. Qxe4 Rxe4 21. Rd5 Re5 22. Bb4 Rbe8 23. Rxe5 Bxe5 24. f4 Bf6 25. Kf3 1/2-1/2

[Event "MČR v bleskovém šachu družstev 2019"]
[Site "Teplice, Czech Republic"]
[Date "2019.09.14"]
[Round "9.27"]
[White "Loskot, Petr"]
[Black "Postupa, Martin"]
[Result "1-0"]
[TimeControl "3 mim. + 2 s"]
[WhiteFideId "319570"]
[BlackFideId "325210"]
[WhiteElo "2010"]
[BlackElo "1958"]

1. e4 e5 2. Nf3 Nc6 3. Nc3 Bc5 4. Nxe5 Bxf2+ 5. Kxf2 Nxe5 6. d4 Ng6 7. Qf3 d6 8. h3 h6 9. Bc4 Qe7 10. Rf1 Nf6 11. Kg1 O-O 12.
Bxh6 gxh6 13. Qxf6 Qxf6 14. Rxf6 Kg7 15. Raf1 Nh8 16.
Nb5 Bd7 17. a4 Bxb5 18. axb5 Rae8 19. Bd5 b6 20. R6f3 Re7 21. Ra1 f5 22. exf5 Kf6 23. Rxa7 Rfe8 24. Be6 Nf7 25. h4 Rg8 26.
Kh2 Rg4 27. c3 h5 28. Kh3 Nd8 29. d5 Reg7 30. g3 Re4 31. Ra8 Nxe6 32. fxe6+ Ke5 33. Rf7 Rgg4 34. e7 Kxd5 35. e8=Q Rxe8 36.
Rxe8 Kc4 37. Rf4+ Rxf4 38. gxf4 Kxb5 39. Re4 c5 40. f5 d5 41. Rf4 d4 42. cxd4 c4 43. f6 Kb4 44. Rf3 Ka4 45. f7 b5 46. f8=Q b4 47. Qa8+ Kb5 48. Rf5+ Kb6 49. Qb8+ Kc6 50.
Qb5+ Kd6 51. Qb6+ Ke7 52. Qf6+ Kd7 53. Rd5+ Kc7 54. Qd6+ Kb7 55. Rb5+ 1-0

[Event "MČR v bleskovém šachu družstev 2019"]
[Site "Teplice, Czech Republic"]
[Date "2019.09.14"]
[Round "10.1"]
[White "Kociscak, Jiri"]
[Black "Dvorak, Jan"]
[Result "1-0"]
[TimeControl "3 mim. + 2 s"]
[WhiteTitle "IM"]
[WhiteFideId "322121"]
[BlackFideId "314870"]
[WhiteElo "2417"]
[BlackElo "2229"]

1. d4 e6 2. c4 d5 3. Nf3 Nf6 4. g3 c5 5. cxd5 exd5 6. Bg2 Nc6 7. O-O Be7 8. Nc3 O-O 9. dxc5 Bxc5 10. Na4 Be7 11. Be3 Re8 12. Rc1 Bg4 13.
Nc5 Bxc5 14. Bxc5 Qd7 15. Re1 Rad8 16. Nd4 Bh3 17. Bh1 Ne4 18. Nxc6 bxc6 19. Qa4 Qf5 20. Bxa7 Ra8 21. Qxc6 Red8 22.
Bd4 Rxa2 23. Ra1 Rxb2 24. f3 Nxg3 25. hxg3 Rc2 26. Qb6 Rc4 27. Qxd8# 1-0

[Event "MČR v bleskovém šachu družstev 2019"]
[Site "Teplice, Czech Republic"]
[Date "2019.09.14"]
[Round "10.2"]
[White "Kopta, Pavel"]
[Black "Polak, Tomas"]
[Result "1/2-1/2"]
[TimeControl "3 mim. + 2 s"]
[WhiteTitle "FM"]
[BlackTitle "GM"]
[WhiteFideId "309109"]
[BlackFideId "300560"]
[WhiteElo "2234"]
[BlackElo "2510"]

1. d4 Nf6 2. c4 e6 3. Nc3 Bb4 4.
Qc2 O-O 5. Nf3 b6 6. Bg5 Bb7 7.
e3 d6 8.
Bd3 h6 9. Bh4 Nbd7 10. a3 Bxc3+ 11. Qxc3 c5 12. O-O Rc8 13. Rac1 cxd4 14. Nxd4 Ne5 15. Qd2 Qe7 16. Rfd1 Rfd8 17.
Qe2 Ba8 18. Bb1 g5 19. Bg3 Ne4 20. Bxe4 Bxe4 21. f3 Bb7 22. Nb5 Ba6 23. Nxd6 Rxd6 24. Bxe5 Rxd1+ 25. Qxd1 f6 26. Bc3 Rxc4 27. Qd2 Qc7 28.
Rd1 Bb5 29. Qd6 Qxd6 30. Rxd6 Kf7 31. Kf2 Ke7 32. Rd4 Rc8 33. e4 a5 34. Ke3 Bc4 35. Rd2 e5 36. Rd1 Bb3 37. Rd2 Ke6 38. Rd3 h5 39. h3 Bc4 40. Rd2 Rg8 41. Rd1 g4 42. fxg4 hxg4 43. h4 g3 44. Rh1 Rd8 45. Kf3 Rd3+ 46. Kg4 Re3 47. h5 Be2+ 48. Kh4 Rxe4+ 49. Kxg3 Rg4+ 50. Kf2 Bd3 51. h6 Bh7 52. Bd2 Kf7 53.
Rc1 Be4 54. g3 Kg8 55. Rc7 Rg6 1/2-1/2